 Dungeon Crawl Stone Soup version 0.20.0-15-g7f486f2 (webtiles) character file.

223 Kriby the Chopper (level 6, 0/56 HPs)
             Began as a Hill Orc Fighter on June 23, 2017.
             Succumbed to Benetiktaus's ghost's poison
             ... on level 4 of the Dungeon.
             The game lasted 00:02:57 (3637 turns).

Kriby the Chopper (Hill Orc Fighter)                Turns: 3637, Time: 00:02:58

Health: 0/56       AC:  8    Str: 26    XL:     6   Next: 0%
Magic:  6/6        EV:  7    Int:  8    God:
Gold:   129        SH:  9    Dex: 10    Spells: 5/5 levels left

rFire    + . .     SeeInvis .   a - +0 war axe
rCold    + . .     Gourm    .   c - +0 shield
rNeg     . . .     Faith    .   b - +0 scale mail
rPois    +         Spirit   .   j - +0 helmet
rElec    +         Reflect  .   (no cloak)
rCorr    +         Harm     .   (no gloves)
MR       .....                  (no boots)
Stlth    ..........             (no amulet)
Regen    0.2/turn               m - ring of wizardry
MPRegen  0.1/turn               (no ring)

@: mighty, lethally poisoned (0 -> -29), resistant
A: no striking features
a: no special abilities


You were on level 4 of the Dungeon.
You were not hungry.

You visited 1 branch of the dungeon, and saw 4 of its levels.

You collected 129 gold pieces.

Inventory:

Hand Weapons
 a - a +0 war axe (weapon)
Armour
 b - a +0 scale mail (worn)
 c - a +0 shield (worn)
 j - a +0 helmet (worn)
Jewellery
 m - a ring of wizardry (left hand)
Wands
 r - a wand of digging (10/24)
Scrolls
 g - 2 scrolls of remove curse {unknown}
 h - 2 scrolls of identify {unknown}
 i - a scroll of immolation {unknown}
 l - a scroll of fear {unknown}
 n - a scroll of magic mapping {unknown}
 p - a scroll of amnesia {unknown}
 q - 2 scrolls of enchant weapon {unknown}
 s - a scroll of teleportation {unknown}
 u - a scroll of recharging {unknown}
Comestibles
 f - 3 bread rations
 o - a meat ration
 t - a royal jelly
 v - a chunk of flesh


   Skills:
 + Level 5.4 Fighting
 * Level 6.6 Axes
 - Level 3.2 Armour
 - Level 3.2 Shields


You had 5 spell levels left.
You didn't know any spells.

Dungeon Overview and Level Annotations

Branches:
Dungeon (4/15)
 Temple: D:4-7

Altars:

Annotations:
D:4 Benetiktaus's ghost, amateur SpEn


Message History

Benetiktaus's ghost hits you.
* * * LOW HITPOINT WARNING * * *
You barely miss Benetiktaus's ghost.
Benetiktaus's ghost is moderately damaged.
* * * LOW HITPOINT WARNING * * *
You feel very sick.
Benetiktaus's ghost hits you but does no damage. x2
You barely miss Benetiktaus's ghost.
Benetiktaus's ghost is moderately damaged.
* * * LOW HITPOINT WARNING * * *
You feel sick. You block Benetiktaus's ghost's attack.
Okay, then.
You aren't carrying any potions.
* * * LOW HITPOINT WARNING * * *
You feel sick.
* * * LOW HITPOINT WARNING * * *
You feel sick.
Benetiktaus's ghost hits you but does no damage.
You are more poisoned.
You die...

...# ...# #..# ##...#
##†..# #...# ##W.##
.... ##..## ......
###@.## ....... ##...##
#.......###....#
#.............##
#.............#
#.............##
#..............###
#.>..............####..
#........######.......#


You could see Benetiktaus's ghost.

Vanquished Creatures
  Natasha (D:2)
  Robin (D:2)
  8 adders
  3 oozes
  4 worms (D:2)
  5 leopard geckos
  A ball python (D:2)
  4 bats (D:1)
  2 giant cockroaches (D:2)
  11 goblins
  10 hobgoblins
  11 jackals
  7 kobolds
  A quokka (D:3)
  5 frilled lizards
  13 rats
87 creatures vanquished.

Notes
Turn   | Place    | Note
-------+----------+-------------------------------------------
     0 | D:1      | Kriby the Hill Orc Fighter began the quest for the Orb.
     0 | D:1      | Reached XP level 1. HP: 19/19 MP: 1/1
    83 | D:1      | Reached skill level 3 in Axes
   136 | D:1      | Reached XP level 2. HP: 27/27 MP: 2/2
   690 | D:1      | Reached skill level 4 in Axes
   787 | D:1      | Reached XP level 3. HP: 33/33 MP: 3/3
  1442 | D:2      | Reached XP level 4. HP: 25/41 MP: 4/4
  1638 | D:2      | Reached skill level 5 in Axes
  1737 | D:2      | Found a faded altar of an unknown god.
  2222 | D:2      | Noticed Robin
  2251 | D:2      | Killed Robin
  2310 | D:2      | Reached XP level 5. HP: 37/47 MP: 5/5
  2430 | D:2      | Noticed Natasha
  2439 | D:2      | Killed Natasha
  2439 | D:2      | Reached skill level 5 in Fighting
  2447 | D:2      | Reached skill level 6 in Axes
  3615 | D:4      | Noticed Benetiktaus's ghost (amateur SpEn)
  3624 | D:4      | Reached XP level 6. HP: 30/56 MP: 6/6
  3629 | D:4      | HP: 2/56 [poisoned by Benetiktaus's ghost]
  3637 | D:4      | Succumbed to Benetiktaus's ghost's poison

Skill      XL: |  1  2  3  4  5 |
---------------+----------------+-----
Axes           | 3 4 5 6 |  6.6
Fighting       | 4 5 |  5.4
Armour         | |  3.2
Shields        | |  3.2

Action                   |  1- 3 |  4- 6 || total
-------------------------+-------+-------++-------
Melee: War axe           |   149 |   202 ||   351
  Use: Potion            |       |     3 ||     3
  Eat: Chunk             |     2 |     7 ||     9
Armor: Scale mail        |    70 |   133 ||   203
Dodge: Dodged            |    54 |    55 ||   109
Block: Shield            |    70 |   106 ||   176
